 Dungeon Crawl Stone Soup version 0.29-a0-40-g8eb35efe60 (webtiles) character file.

Game seed: 10735784046819217026

393 dolemite99 the Covert (level 6, -1/44 HPs)
             Began as a Gnoll Wanderer on Feb 2, 2022.
             Was an Initiate of Fedhas.
             Slain by a killer bee (7 damage)
             ... on level 4 of the Dungeon.
             The game lasted 00:06:44 (4607 turns).

dolemite99 the Covert (Gnoll Wanderer)              Turns: 4607, Time: 00:06:45

Health: -1/44      AC:  6    Str: 15    XL:     6   Next: 81%
Magic:  11/14      EV: 11    Int: 12    God:    Fedhas [......]
Gold:   132        SH:  0    Dex:  9    Spells: 14/15 levels left

rFire   . . .      SeeInvis .     - Unarmed
rCold   . . .      Faith    .   (no shield)
rNeg    . . .      Spirit   .   d - +0 leather armour
rPois   .          Reflect  .   c - +0 helmet
rElec   .          Harm     .   (no cloak)
rCorr   .          Rampage  .   E - +1 pair of gloves
Will    .....                   (no boots)
Stlth   +++.......              (no amulet)
HPRegen 0.14/turn               (no ring)
MPRegen 0.14/turn               (no ring)

@: lethally poisoned (-1 -> -14)
A: fangs 1, strong nose, distributed training
a: Renounce Religion


You were on level 4 of the Dungeon.
You worshipped Fedhas.
Fedhas was noncommittal.
You visited 2 branches of the dungeon, and saw 5 of its levels.

You collected 197 gold pieces.
You spent 65 gold pieces at shops.

Inventory:

Hand Weapons
 a - a +0 club
 m - a +0 hunting sling
 F - a +2 flail of holy wrath
Missiles
 h - 11 poisoned darts (quivered)
 n - 32 sling bullets
 p - 76 stones
 r - 49 bolts
 y - 62 arrows
Armour
 c - a +0 helmet (worn)
 d - a +0 leather armour (worn)
 e - a +0 scale mail
 i - a +0 pair of gloves
 s - a +0 buckler
 E - a +1 pair of gloves (worn)
Magical Staves
 t - a staff of death
Wands
 A - a wand of flame (8)
 C - a wand of paralysis (4)
Scrolls
 b - a scroll of fear
 f - a scroll of vulnerability {unknown}
 g - 2 scrolls of amnesia {unknown}
 k - 4 scrolls of identify {unknown}
 o - 3 scrolls of noise {unknown}
 u - a scroll of fog {unknown}
 v - a scroll of brand weapon {unknown}
 w - a scroll of magic mapping {unknown}
 z - a scroll of teleportation {unknown}
 B - a scroll of enchant weapon {unknown}
 G - a scroll of immolation {unknown}
Potions
 j - 2 potions of degeneration {unknown}
 l - a potion of attraction {unknown}
 q - a potion of flight {unknown}
 x - a potion of heal wounds
 D - a potion of might {unknown}


   Skills:
 + Level 2.1 Fighting
 + Level 2.1 Short Blades
 + Level 2.1 Long Blades
 + Level 2.1 Axes
 + Level 2.1 Maces & Flails
 + Level 2.1 Polearms
 + Level 2.1 Staves
 + Level 2.1 Slings
 + Level 2.1 Bows
 + Level 2.1 Crossbows
 + Level 2.1 Throwing
 + Level 2.1 Armour
 + Level 2.1 Dodging
 + Level 8.1 Stealth
 + Level 2.1 Shields
 + Level 6.9 Unarmed Combat
 + Level 5.4 Spellcasting
 + Level 1.6 Conjurations
 + Level 1.6 Hexes
 + Level 1.6 Summonings
 + Level 1.6 Necromancy
 + Level 1.6 Translocations
 + Level 1.6 Transmutations
 + Level 2.7 Fire Magic
 + Level 1.6 Ice Magic
 + Level 1.6 Air Magic
 + Level 1.6 Earth Magic
 + Level 1.6 Poison Magic
 + Level 2.3 Invocations
 + Level 2.1 Evocations


You had 14 spell levels left.
You knew the following spells:

 Your Spells              Type           Power      Damage    Failure   Level
a - Foxfire               Conj/Fire      32%        2x1d5     10%         1

Your spell library contained the following spells:

 Spells                   Type           Power      Damage    Failure   Level
 Conjure Flame            Conj/Fire      8%         6-21      28%         3


Dungeon Overview and Level Annotations

Branches:
Dungeon (4/15)             Temple (1/1) D:4

Altars:
Ashenzari
Cheibriados
Fedhas
Makhleb
Nemelex Xobeh
Okawaru
Ru
Trog
Uskayaw
Wu Jian
Xom
Zin
The Shining One

Shops:
D:3 ?!*


Innate Abilities, Weirdness & Mutations

You have very sharp teeth.
Your uncanny sense of smell can sniff out nearby items.
Your experience applies equally to all skills.


Message History

Confirm with . or Enter, or press ? or * to list all spells.
You conjure some foxfire!
The killer bee stings you!
You are poisoned.
The killer bee poisons you!
The killer bee stings you but does no damage.
Casting: Foxfire (safe; 10% risk of failure)
Confirm with . or Enter, or press ? or * to list all spells.
There is not enough space to conjure foxfire!
Your foxfire dissipates!
You feel sick.
The foxfire hits the jelly.
The jelly is moderately wounded.
The foxfire hits the killer bee.
The killer bee is moderately wounded.
The foxfire hits the jelly.
The jelly is heavily wounded.
The killer bee stings you.
You feel sick. The killer bee barely misses you.
You feel sick. The killer bee stings you.
You feel sick. The killer bee closely misses you.
Casting: Foxfire (safe; 10% risk of failure)
Confirm with . or Enter, or press ? or * to list all spells.
You conjure some foxfire!
You feel sick. The killer bee stings you.
You are more poisoned.
The killer bee poisons you! The killer bee stings you.
You are lethally poisoned!
The killer bee poisons you!
* * * LOW HITPOINT WARNING * * *
You feel very sick.
The foxfire hits the killer bee but does no damage.
The killer bee is moderately wounded.
The foxfire hits the killer bee.
The killer bee is heavily wounded.
Casting: Foxfire (safe; 10% risk of failure)
Confirm with . or Enter, or press ? or * to list all spells.
You conjure some foxfire!
* * * LOW HITPOINT WARNING * * *
You feel very sick. The killer bee closely misses you.
The killer bee stings you!
You die...
Fedhas appreciates your contribution to the ecosystem.

.......<.....# #......# #.#
.............####......# #.#
.........).).>.......#.###.#
.........)).............##.#
#..).........####.####.....#
...........................#
..######...................#
#.# ##..####.v...####....#
..# #...#∆ ##v@§##..#....#
..#####...# ##y##...#.).##
........#.## #J#...##...#
..##....#..## +#.#'.##....#
..#####.#...###...###.....#
.## #.........8.....)...# ##
##.....###..w###.....#
#.....## +#.#'.##....#
######.#..## #.#...##...#


You could see a worm, a jelly and a killer bee (ally target).

Vanquished Creatures
  A necrophage (D:4)
  A scorpion (D:4)
  A water moccasin skeleton (D:4)
  2 orc priests (D:4)
  2 orc wizards (D:4)
  4 adders
  A worm (D:4)
  2 dart slugs
  8 orcs (D:4)
  3 endoplasms
  2 giant cockroaches
  4 goblins
  3 hobgoblins
  6 ball pythons
  3 bats (D:2)
  3 frilled lizards
  2 kobolds
  6 rats
54 creatures vanquished.

Vanquished Creatures (collateral kills)
  2 orcs (D:4)
2 creatures vanquished.

Vanquished Creatures (others)
  169 foxfires
169 creatures vanquished.

Grand Total: 225 creatures vanquished

Notes
Turn   | Place    | Note
-------+----------+-------------------------------------------
     0 | D:1      | dolemite99 the Gnoll Wanderer began the quest for the Orb.
     0 | D:1      | dolemite99 set off with the following items: a +0 club, a
                  | scroll of fear, a +0 helmet, a +0 leather armour, a scroll
                  | of summoning; and the following spell memorised: Foxfire;
                  | and the following spells available to memorise: Conjure
                  | Flame
     0 | D:1      | Reached XP level 1. HP: 13/13 MP: 6/6
   125 | D:1      | Found a faded altar of an unknown god.
   186 | D:1      | Prayed at the altar of an unknown god.
   186 | D:1      | Became a worshipper of the Shining One
   186 | D:1      | Reached * piety under the Shining One
   415 | D:1      | Reached XP level 2. HP: 18/19 MP: 5/7
  1305 | D:2      | Reached skill level 5 in Spellcasting
  1305 | D:2      | Reached XP level 3. HP: 23/25 MP: 7/9
  1445 | D:2      | Reached skill level 1 in Invocations
  1850 | D:3      | Found Jiaseuxu's Distillery.
  1873 | D:3      | Reached skill level 1 in Fighting
  1873 | D:3      | Reached skill level 1 in Short Blades
  1873 | D:3      | Reached skill level 1 in Long Blades
  1873 | D:3      | Reached skill level 1 in Axes
  1873 | D:3      | Reached skill level 1 in Maces & Flails
  1873 | D:3      | Reached skill level 1 in Polearms
  1873 | D:3      | Reached skill level 1 in Staves
  1873 | D:3      | Reached skill level 1 in Slings
  1873 | D:3      | Reached skill level 1 in Bows
  1873 | D:3      | Reached skill level 1 in Crossbows
  1873 | D:3      | Reached skill level 1 in Throwing
  1873 | D:3      | Reached skill level 1 in Armour
  1873 | D:3      | Reached skill level 1 in Dodging
  1873 | D:3      | Reached skill level 1 in Shields
  1873 | D:3      | Reached skill level 1 in Evocations
  1938 | D:3      | Bought a potion of heal wounds for 65 gold pieces
  1965 | D:3      | Found Eroulu's Magic Scroll Shoppe.
  2156 | D:3      | Found Isenah's General Store.
  2796 | D:4      | Reached XP level 4. HP: 32/32 MP: 6/11
  2798 | D:4      | Found a staircase to the Ecumenical Temple.
  2804 | Temple   | Entered the Ecumenical Temple
  2909 | Temple   | Fell from the grace of the Shining One
  2909 | Temple   | Became a worshipper of Fedhas Madash
  2990 | D:4      | Noticed a necrophage
  3012 | D:4      | Killed a necrophage
  3013 | D:4      | Reached skill level 1 in Conjurations
  3013 | D:4      | Reached skill level 1 in Hexes
  3013 | D:4      | Reached skill level 1 in Summonings
  3013 | D:4      | Reached skill level 1 in Necromancy
  3013 | D:4      | Reached skill level 1 in Translocations
  3013 | D:4      | Reached skill level 1 in Transmutations
  3013 | D:4      | Reached skill level 1 in Ice Magic
  3013 | D:4      | Reached skill level 1 in Air Magic
  3013 | D:4      | Reached skill level 1 in Earth Magic
  3013 | D:4      | Reached skill level 1 in Poison Magic
  3013 | D:4      | Reached XP level 5. HP: 20/37 MP: 8/12
  3354 | D:4      | Reached skill level 8 in Stealth
  3354 | D:4      | Reached XP level 6. HP: 44/44 MP: 8/13
  3497 | D:4      | Found a glowing drain.
  4607 | D:4      | Slain by a killer bee

Illustrated notes

Levels and vault maps discovered:
D:1:      pf_arrival_petrified_forest, layout_basic,
          shapermc_ecumenical_altar_mp_vishouse
D:2:      layout_loops_ring
D:3:      layout_basic, serial_shops, shop, shop_fountains, nicolae_square_shop,
          minmay_misc_feat_rows
D:4:      cheibrodos_barr_body, layout_rooms, minmay_temple_entry_hall,
          portal_sewer_entry_d
Temple:   nicolae_temple_god_jail

Skill      XL: |  1  2  3  4  5  6 |
---------------+-------------------+-----
Fire Magic     | 2 |  2.7
Spellcasting   | 5 |  5.4
Invocations    | 1 2 |  2.3
Fighting       | 1 2 |  2.1
Short Blades   | 1 2 |  2.1
Long Blades    | 1 2 |  2.1
Axes           | 1 2 |  2.1
Maces & Flails | 1 2 |  2.1
Polearms       | 1 2 |  2.1
Staves         | 1 2 |  2.1
Slings         | 1 2 |  2.1
Bows           | 1 2 |  2.1
Crossbows      | 1 2 |  2.1
Throwing       | 1 2 |  2.1
Armour         | 1 2 |  2.1
Dodging        | 1 2 |  2.1
Shields        | 1 2 |  2.1
Evocations     | 1 2 |  2.1
Conjurations   | 1 |  1.6
Hexes          | 1 |  1.6
Summonings     | 1 |  1.6
Necromancy     | 1 |  1.6
Translocations | 1 |  1.6
Transmutations | 1 |  1.6
Ice Magic      | 1 |  1.6
Air Magic      | 1 |  1.6
Earth Magic    | 1 |  1.6
Poison Magic   | 1 |  1.6
Stealth        | 8 |  8.1
Unarmed Combat | |  6.9

Action                   |  1- 3 |  4- 6 || total
-------------------------+-------+-------++-------
Melee: Unarmed           |    40 |    18 ||    58
       Bite              |     1 |     2 ||     3
       Punch             |     1 |       ||     1
Throw: Dart              |       |     8 ||     8
 Cast: Foxfire           |    42 |    62 ||   104
  Use: Scroll            |       |     1 ||     1
Armor: Leather armour    |    19 |     9 ||    28
Dodge: Dodged            |    23 |    26 ||    49

Table legend: (Time is in decaauts)
 A = Elapsed time spent in this place.
 B = Non-inter-level travel time spent in this place.
 C = Inter-level travel time spent in this place.
 D = Time resting spent in this place.
 E = Time spent auto-exploring this place.
 F = Levels seen in this place.
 G = Mean time per level.
                   A        B        C        D        E       F      G
               +--------+--------+--------+--------+--------+-----+--------+
         Total |   4598 |   4471 |    127 |    963 |   2634 |   5 |  919.6 |
       Dungeon |   4475 |   4365 |    110 |    963 |   2588 |   4 | 1118.8 |
        Temple |    123 |    106 |     17 |      0 |     46 |   1 |  123.0 |
               +--------+--------+--------+--------+--------+-----+--------+

Top non-repeatable levels by time:
     D:4: 1707 daAuts
     D:1: 1034 daAuts
     D:3: 929 daAuts
     D:2: 803 daAuts
  Temple: 123 daAuts
